 Dungeon Crawl Stone Soup version 0.30-a0-1043-g60ff8d5f49 (webtiles) character file.

Game seed: 13848879340190508619

100 halvedace the Ruffian (level 4, 0/36 HPs)
             Began as a Draconian Transmuter on Apr 10, 2023.
             Slain by Ijyb
             ... wielding a +1 dagger of speed
              (3 damage)
             ... on level 3 of the Dungeon.
             The game lasted 00:10:24 (2153 turns).

halvedace the Ruffian (Draconian Transmuter)        Turns: 2153, Time: 00:10:24

Health: 0/36       AC:  8    Str: 14    XL:     4   Next: 46%
Magic:  7/7        EV: 12    Int: 20    God:
Gold:   124        SH:  0    Dex: 11    Spells: 7/8 levels left

rFire   . . .      SeeInvis .      - Unarmed
rCold   . . .      Faith    .    (no shield)
rNeg    . . .      Spirit   .    (body armour unavailable)
rPois   .          Reflect  .    (helmet restricted)
rElec   .          Rampage  .    (no cloak)
rCorr   .                        g - +0 pair of gloves
Will    .....                    h - +1 pair of boots
Stlth   +                        (no amulet)
HPRegen 0.26/turn                c - +6 ring of intelligence
MPRegen 0.10/turn                (no ring)

@: no status effects
A: AC +5, unfitting armour, cold-blooded
a: no special abilities


You were on level 3 of the Dungeon.
You visited 1 branch of the dungeon, and saw 3 of its levels.

You collected 124 gold pieces.

Inventory:

Armour
 g - a +0 pair of gloves (worn)
 h - a +1 pair of boots (worn)
Jewellery
 c - a +6 ring of intelligence (left hand)
Scrolls
 d - a scroll of vulnerability
 j - 2 scrolls of identify
Potions
 a - a potion of lignification
 b - a potion of might
 e - a potion of flight {unknown}
 f - a potion of mutation {unknown}
 i - a potion of resistance
 k - a potion of attraction {unknown}
 l - a potion of haste {unknown}
 m - a potion of heal wounds


   Skills:
 + Level 2.2 Fighting
 + Level 2.4 Dodging
 + Level 3.5 Unarmed Combat
 + Level 2.6 Spellcasting
 + Level 2.7 Transmutations


You had 7 spell levels left.
You knew the following spells:

 Your Spells              Type           Power      Damage    Failure   Level
a - Beastly Appendage     Tmut           26%        N/A       4%          1

Your spell library contained the following spells:

 Spells                   Type           Power      Damage    Failure   Level
 Wereblood                Tmut           13%        N/A       7%          2
 Summon Small Mammal      Summ           8%         N/A       16%         1
 Spider Form              Tmut/Pois      8%         N/A       26%         3
 Call Canine Familiar     Summ           2%         N/A       41%         3
 Portal Projectile        Hex/Tloc       4%         N/A       41%         3
 Summon Guardian Golem    Hex/Summ       2%         N/A       41%         3
 Tukima's Dance           Hex            2%         N/A       41%         3
 Ice Form                 Ice/Tmut       8%         N/A       63%         4
 Blade Hands              Tmut           6%         N/A       78%         5
 Alistair's Intoxication  Tmut/Pois      5%         N/A       93%         5
 Borgnjor's Vile Clutch   Necr/Erth      1%         N/A       99%         5
 Eringya's Noxious Bog    Tmut/Pois      4%         N/A       100%        6


Dungeon Overview and Level Annotations

Branches:
Dungeon (3/15)

Altars:
Gozag
Uskayaw
Xom

Annotations:
D:3 Ijyb


Innate Abilities, Weirdness & Mutations

Your plain brown scales are hard. (AC +5)
You cannot fit into any form of body armour.
You are cold-blooded and may be slowed by cold attacks.


Message History

You punch the goblin!
You kill the goblin!
Ijyb closely misses you.
Ijyb hits you with a +1 dagger of speed.
Things that are here:
a +0 dagger; a +0 sling; 12 gold pieces You hit Ijyb but do no damage.
Your tail-slap misses Ijyb.
Ijyb is heavily wounded.
Ijyb hits you with a +1 dagger of speed. x2
You closely miss Ijyb. You tail-slap Ijyb, but do no damage.
Ijyb is heavily wounded.
Ijyb hits you but does no damage.
You hit Ijyb but do no damage.
Ijyb is heavily wounded.
Ijyb hits you with a +1 dagger of speed.
Ijyb hits you but does no damage.
You closely miss Ijyb.
Ijyb is heavily wounded.
Ijyb hits you but does no damage.
You hit Ijyb but do no damage.
Ijyb is heavily wounded.
You feel your willpower return.
Ijyb hits you with a +1 dagger of speed.
You barely miss Ijyb.
Your tail-slap misses Ijyb.
Ijyb is heavily wounded.
Ijyb hits you but does no damage. x2
You hit Ijyb.
Ijyb is severely wounded.
Ijyb hits you with a +1 dagger of speed.
* * * LOW HITPOINT WARNING * * *
You barely miss Ijyb.
Ijyb is severely wounded.
Ijyb hits you with a +1 dagger of speed.
* * * LOW HITPOINT WARNING * * *
Ijyb hits you with a +1 dagger of speed.
* * * LOW HITPOINT WARNING * * *
You barely miss Ijyb.
Ijyb is severely wounded.
Ijyb hits you with a +1 dagger of speed.
You die...

############# #...........#
#........##.## .#
#........#...##
....###..........$..##
#.......[..........#
....###........#@g.#.#
..#.###.##.#####...# #
#......#.# #...# . #####..#.#
#.......#.#.#. #. .[.####....##
#.$......#.#.# #.#
............#####.##...#.#.#
#.#. ..#....)#......#.$.#....#.#
#.#.#
........#.#..###$.$#......##....
..#.....#.##...#8_8#...........


You could see Ijyb.

Vanquished Creatures
  3 adders
  A worm (D:2)
  2 dart slugs
  7 bats
  7 endoplasms
  3 giant cockroaches
  3 goblins (D:3)
  6 hobgoblins
  4 jackals (D:3)
  5 quokkas
  9 ball pythons
  6 frilled lizards
  4 kobolds
  3 rats
63 creatures vanquished.

Vanquished Creatures (others)
  A fungus (D:1)
  7 plants (D:1)
8 creatures vanquished.

Grand Total: 71 creatures vanquished

Notes
Turn   | Place    | Note
-------+----------+-------------------------------------------
     0 | D:1      | halvedace the Draconian Transmuter began the quest for the
                  | Orb.
     0 | D:1      | Reached XP level 1. HP: 16/16 MP: 3/3
   126 | D:1      | Reached XP level 2. HP: 22/23 MP: 3/5
   377 | D:1      | Found a faded altar of an unknown god.
  1076 | D:2      | Reached XP level 3. HP: 28/29 MP: 4/6
  1528 | D:2      | Found a shimmering altar of Xom.
  1835 | D:3      | Reached XP level 4. HP: 36/36 MP: 5/7
  1978 | D:3      | Found a hide-covered altar of Uskayaw.
  2122 | D:3      | Noticed Ijyb
  2138 | D:3      | Found an opulent altar of Gozag.
  2153 | D:3      | Slain by Ijyb

Illustrated notes

Levels and vault maps discovered:
D:1:      minmay_arrival_semitransparent, layout_basic,
          shapermc_ecumenical_altar_mp_urbaneastern, minmay_misc_feat_cross,
          minmay_lizard_king
D:2:      layout_basic, basic_altar, due_unseen_surprise
D:3:      layout_rooms, mainiacjoe_overflow_cross_hatched,
          grunt_gozag_breadcrumbs, lemuel_tele_altar, minivault_23, uniq_ijyb,
          uniq_crazy_yiuf_cottage

Skill      XL: |  1  2  3 |
---------------+----------+-----
Dodging        | 2 |  2.4
Fighting       | 2 |  2.2
Unarmed Combat | |  3.5
Spellcasting   | |  2.6
Transmutations | |  2.7

Action                     |  1- 3 |  4- 6 || total
---------------------------+-------+-------++-------
  Melee: Unarmed           |   146 |    82 ||   228
         Tailslap          |    13 |     6 ||    19
         Headbutt          |    11 |     5 ||    16
         Kick              |    16 |     3 ||    19
         Punch             |     5 |     1 ||     6
   Cast: Beastly Appendage |    13 |     2 ||    15
    Use: Scroll            |     3 |     1 ||     4
         Potion            |     2 |       ||     2
   Stab: Sleeping          |     1 |       ||     1
 Armour: Skin              |    66 |    59 ||   125
  Dodge: Dodged            |   134 |    76 ||   210

Table legend: (Time is in decaauts)
 A = Elapsed time spent in this place.
 B = Non-inter-level travel time spent in this place.
 C = Inter-level travel time spent in this place.
 D = Time resting spent in this place.
 E = Time spent auto-exploring this place.
 F = Levels seen in this place.
 G = Mean time per level.
                   A        B        C        D        E       F      G
               +--------+--------+--------+--------+--------+-----+--------+
         Total |   2141 |   2078 |     63 |     58 |   1006 |   3 |  713.7 |
       Dungeon |   2141 |   2078 |     63 |     58 |   1006 |   3 |  713.7 |
               +--------+--------+--------+--------+--------+-----+--------+

Top non-repeatable levels by time:
     D:1: 1043 daAuts
     D:2: 778 daAuts
     D:3: 320 daAuts
